 Dungeon Crawl Stone Soup version 0.28.0-43-g3370ac3207 (webtiles) character file.

Game seed: 2979004958242506257

185 Ablot the Grasshopper (level 5, -1/43 HPs)
             Began as a Gnoll Warper on Mar 5, 2022.
             Killed by divine providence
             ... invoked by an orc priest
              (10 damage)
             ... on level 3 of the Dungeon.
             The game lasted 00:04:29 (4004 turns).

Ablot the Grasshopper (Gnoll Warper)                Turns: 4004, Time: 00:04:30

Health: -1/43      AC:  4    Str: 18    XL:     5   Next: 64%
Magic:  12/12      EV: 13    Int: 12    God:
Gold:   73         SH:  0    Dex: 12    Spells: 12/14 levels left

rFire   + . .      SeeInvis .   a - +0 spear
rCold   . . .      Faith    .   (no shield)
rNeg    + . .      Spirit   .   b - +1 leather armour {rF+}
rPois   .          Reflect  .   (no helmet)
rElec   .          Harm     .   (no cloak)
rCorr   .          Rampage  .   (no gloves)
Will    .....                   (no boots)
Stlth   +.........              (no amulet)
HPRegen 0.14/turn               k - +6 ring of strength
MPRegen 0.13/turn               t - ring of positive energy

@: no status effects
A: fangs 1, strong nose, distributed training
a: no special abilities


You were on level 3 of the Dungeon.
You visited 1 branch of the dungeon, and saw 3 of its levels.

You collected 73 gold pieces.

Inventory:

Hand Weapons
 a - a +0 spear (weapon)
Missiles
 d - 4 boomerangs of dispersal (quivered)
 e - 12 arrows
 i - 83 stones
 l - 6 datura-tipped darts
 s - 26 sling bullets
Armour
 b - a +1 leather armour of fire resistance (worn)
Jewellery
 k - a +6 ring of strength (left hand)
 t - a ring of positive energy (right hand)
Wands
 v - a wand of acid (11)
Scrolls
 c - 2 scrolls of blinking
 f - 2 scrolls of identify {unknown}
 g - a scroll of summoning {unknown}
 o - a scroll of magic mapping {unknown}
 q - a scroll of vulnerability {unknown}
 r - a scroll of fear {unknown}
Potions
 h - a potion of mutation {unknown}
 j - 2 potions of curing {unknown}
 n - a potion of attraction {unknown}
 p - 2 potions of lignification {unknown}
 u - a potion of might {unknown}


   Skills:
 + Level 4.8 Fighting
 + Level 1.6 Short Blades
 + Level 1.6 Long Blades
 + Level 1.6 Axes
 + Level 1.6 Maces & Flails
 + Level 4.8 Polearms
 + Level 1.6 Staves
 + Level 1.6 Slings
 + Level 1.6 Bows
 + Level 1.6 Crossbows
 + Level 3.0 Throwing
 + Level 3.0 Armour
 + Level 4.8 Dodging
 + Level 1.6 Stealth
 + Level 1.6 Shields
 + Level 1.6 Unarmed Combat
 + Level 5.2 Spellcasting
 + Level 1.2 Conjurations
 + Level 1.2 Hexes
 + Level 1.2 Summonings
 + Level 1.2 Necromancy
 + Level 5.5 Translocations
 + Level 1.2 Transmutations
 + Level 1.2 Fire Magic
 + Level 1.2 Ice Magic
 + Level 1.2 Air Magic
 + Level 1.2 Earth Magic
 + Level 1.2 Poison Magic
 + Level 1.8 Invocations
 + Level 1.6 Evocations


You had 12 spell levels left.
You knew the following spells:

 Your Spells              Type           Power      Damage    Failure   Level
a - Blink                 Tloc           32%        N/A       3%          2

Your spell library contained the following spells:

 Spells                   Type           Power      Damage    Failure   Level
 Gell's Gravitas          Tloc           16%        N/A       7%          3
 Lesser Beckoning         Tloc           16%        N/A       7%          3
 Teleport Other           Tloc           16%        N/A       7%          3
 Summon Small Mammal      Summ           24%        N/A       14%         1
 Call Canine Familiar     Summ           6%         N/A       38%         3
 Confusing Touch          Hex            6%         N/A       38%         3
 Dazzling Flash           Conj/Hex       12%        N/A       38%         3
 Ozocubu's Armour         Ice            6%         N/A       38%         3
 Summon Guardian Golem    Hex/Summ       6%         N/A       38%         3
 Manifold Assault         Tloc           16%        N/A       54%         5
 Agony                    Necr           6%         N/A       98%         5
 Silence                  Hex/Air        3%         N/A       98%         5
 Yara's Violent Unravell  Hex/Tmut       3%         3d4       98%         5
 Enfeeble                 Hex            3%         N/A       100%        7
 Orb of Destruction       Conj           3%         9d5       100%        7
 Ozocubu's Refrigeration  Ice            3%         4d5       100%        7
 Spellforged Servitor     Conj/Summ      3%         N/A       100%        7


Dungeon Overview and Level Annotations

Branches:
Dungeon (3/15)

Altars:

Annotations:
D:3 2 transporters


Innate Abilities, Weirdness & Mutations

You have very sharp teeth.
Your uncanny sense of smell can sniff out nearby items.
Your experience applies equally to all skills.


Message History

The orc priest closely misses you.
You hit the orc priest but do no damage.
The orc priest looks encouraged for a moment.
The orc priest calls down the wrath of Beogh upon you.
Beogh smites you!
You hit the orc priest.
The orc priest is moderately wounded.
The orc priest hits you with a +0 war axe.
You hit the orc priest. You bite the orc priest.
The orc priest is severely wounded.
The orc priest calls upon Beogh to heal the orc priest.
The orc priest is healed somewhat.
The orc priest mumbles some strange prayers to Beogh against you.
Beogh smites you!
* * * LOW HITPOINT WARNING * * *
Aiming: Corrosive Bolt
Press: ? - help, Shift-Dir - straight line, f - orc priest
Aim: an orc priest, wielding a +0 club and wearing a +0 scale mail (75% to hit)
The bolt of acid hits the orc priest!
The acid corrodes the orc priest!
You kill the orc priest!
The bolt of acid hits the orc priest!
The orc priest is heavily wounded.
You hit the orc priest but do no damage.
Your punch misses the orc priest.
The orc priest is heavily wounded.
The orc priest barely misses you.
You hit the orc priest but do no damage.
Your bite misses the orc priest.
The orc priest is heavily wounded.
The orc priest hits you with a +0 club.
* * * LOW HITPOINT WARNING * * *
You hit the orc priest.
The orc priest is severely wounded.
The orc priest invokes the aid of Beogh against you.
You barely resist. You closely miss the orc priest.
The orc priest is severely wounded.
The orc priest mumbles some strange prayers to Beogh against you.
Beogh smites you!
You die...

#.##.# #.. #.##.#
#.. #.##.####### #.#
#.##.......#### #..
#.########....####.<
#.# ##........# #.#
####.###.####
#.######....# #.....
#.o@.....#### ##....
#.######## #####.###
###.# #.....#..
##...##
######.####..†
##/.oo.##
#......###.)..
#.......#
#.......##....
#.....?.#
####..........
#.......#
#......#..<
##.....##
#......##..


You could see an orc priest.

Vanquished Creatures
  An orc priest (D:3)
  Ijyb (D:3)
  Terence (D:2)
  3 adders (D:2)
  3 dart slugs (D:2)
  3 worms (D:2)
  5 orcs
  6 endoplasms
  3 giant cockroaches
  4 goblins
  6 hobgoblins
  4 kobolds
  4 quokkas
  5 ball pythons
  6 bats
  5 frilled lizards
  2 rats
62 creatures vanquished.

Notes
Turn   | Place    | Note
-------+----------+-------------------------------------------
     0 | D:1      | Ablot the Gnoll Warper began the quest for the Orb.
     0 | D:1      | Reached XP level 1. HP: 20/20 MP: 6/6
   665 | D:1      | Reached XP level 2. HP: 25/26 MP: 7/7
   668 | D:1      | Learned a level 2 spell: Blink
   690 | D:1      | Found a faded altar of an unknown god.
  1370 | D:2      | Reached XP level 3. HP: 21/31 MP: 9/9
  1450 | D:2      | Reached skill level 5 in Spellcasting
  1622 | D:2      | Reached skill level 1 in Invocations
  1984 | D:2      | Reached skill level 1 in Short Blades
  1984 | D:2      | Reached skill level 1 in Long Blades
  1984 | D:2      | Reached skill level 1 in Axes
  1984 | D:2      | Reached skill level 1 in Maces & Flails
  1984 | D:2      | Reached skill level 1 in Staves
  1984 | D:2      | Reached skill level 1 in Slings
  1984 | D:2      | Reached skill level 1 in Bows
  1984 | D:2      | Reached skill level 1 in Crossbows
  1984 | D:2      | Reached skill level 1 in Stealth
  1984 | D:2      | Reached skill level 1 in Shields
  1984 | D:2      | Reached skill level 1 in Unarmed Combat
  1984 | D:2      | Reached skill level 1 in Evocations
  2060 | D:2      | Reached XP level 4. HP: 9/38 MP: 11/11
  2914 | D:2      | Reached skill level 1 in Conjurations
  2914 | D:2      | Reached skill level 1 in Hexes
  2914 | D:2      | Reached skill level 1 in Summonings
  2914 | D:2      | Reached skill level 1 in Necromancy
  2914 | D:2      | Reached skill level 1 in Transmutations
  2914 | D:2      | Reached skill level 1 in Fire Magic
  2914 | D:2      | Reached skill level 1 in Ice Magic
  2914 | D:2      | Reached skill level 1 in Air Magic
  2914 | D:2      | Reached skill level 1 in Earth Magic
  2914 | D:2      | Reached skill level 1 in Poison Magic
  3205 | D:3      | Noticed Terence
  3205 | D:3      | Found a transporter.
  3227 | D:2      | Killed Terence
  3228 | D:2      | Reached XP level 5. HP: 7/43 MP: 8/12
  3559 | D:3      | Found a transporter.
  3695 | D:3      | Noticed Ijyb
  3709 | D:3      | Killed Ijyb
  4004 | D:3      | Killed from afar by an orc priest

Illustrated notes

Levels and vault maps discovered:
D:1:      nagdon_arrival_zigzag_paths, layout_basic,
          hellmonk_ecumenical_altar_crossroads, minmay_quantized
D:2:      layout_basic
D:3:      gammafunk_wand_slinger, layout_rooms, uniq_ijyb, uniq_terence

Skill      XL: |  1  2  3  4  5 |
---------------+----------------+-----
Spellcasting   | 5 |  5.2
Invocations    | 1 |  1.8
Short Blades   | 1 |  1.6
Long Blades    | 1 |  1.6
Axes           | 1 |  1.6
Maces & Flails | 1 |  1.6
Staves         | 1 |  1.6
Slings         | 1 |  1.6
Bows           | 1 |  1.6
Crossbows      | 1 |  1.6
Stealth        | 1 |  1.6
Shields        | 1 |  1.6
Unarmed Combat | 1 |  1.6
Evocations     | 1 |  1.6
Conjurations   | 1 |  1.2
Hexes          | 1 |  1.2
Summonings     | 1 |  1.2
Necromancy     | 1 |  1.2
Transmutations | 1 |  1.2
Fire Magic     | 1 |  1.2
Ice Magic      | 1 |  1.2
Air Magic      | 1 |  1.2
Earth Magic    | 1 |  1.2
Poison Magic   | 1 |  1.2
Throwing       | 3 |  3.0
Armour         | 3 |  3.0
Fighting       | |  4.8
Polearms       | |  4.8
Dodging        | |  4.8
Translocations | |  5.5

Action                   |  1- 3 |  4- 6 || total
-------------------------+-------+-------++-------
Melee: Spear             |   175 |   126 ||   301
       Bite              |    17 |    14 ||    31
       Punch             |     2 |     4 ||     6
Throw: Boomerang         |       |     1 ||     1
 Cast: Blink             |       |     2 ||     2
Evoke: Wand              |       |     1 ||     1
 Stab: Sleeping          |     1 |       ||     1
Armor: Leather armour    |    16 |     1 ||    17
       Ring mail         |    16 |    21 ||    37
Dodge: Dodged            |    82 |    53 ||   135
